AoeStats
← RcL_Burn_

Arabian Desert

509151939Analyzed
1v1 RM · 7d ago on Sep 25, 2026· 28m 12s· 2 players
Game mode
Random Map
Map size
Tiny (2 player)
Population
200
Speed
Normal
Resources
Standard
Victory
Conquest
Starting age
Dark Age
Ending age
Imperial Age
RankedLock teamsTeams togetherTeam positionsShared explorationLock speedFull tech treeHidden civsTurbo modeCheats
Victory
Defeat
🇨🇱 Goths · Chile
1299
+39
🇩🇪 Tatars · Germany
1314
-17
RcL_Burn_
6:33 Loom
9:28 Feudal Age
9:43 Man-at-Arms
10:36 Double-Bit Axe
11:33 Horse Collar
13:35 Scale Mail Armor
14:20 Forging
15:41 Fletching
16:23 Padded Archer Armor
19:19 Wheelbarrow
19:08 Town Watch
23:19 Castle Age
21:25 Gold Mining
24:03 Squires
24:22 Chain Mail Armor
23:28 Long Swordsman
PepeSilvia
6:55 Loom
9:55 Feudal Age
17:22 Fletching
28:27 Castle Age
27:24 Scale Barding Armor
Connection lost

Rejoining the realm…

Still unreachable

The connection could not be restored.

Session expired

The server has moved on; the page needs a fresh start.